 Dungeon Crawl Stone Soup version 0.31-a0-354-g827e0957a7 (webtiles) character file.

Game seed: 12502249662792086260

4304 Bnni the Mimic (level 10, -9/71 HPs)
             Began as an Octopode Shapeshifter on July 24, 2023.
             Was an Initiate of Gozag.
             Mangled by an orc warrior
             ... wielding a +0 trident
              (11 damage)
             ... in a bailey.
             The game lasted 00:11:08 (5443 turns).

Bnni the Mimic (Octopode Shapeshifter)              Turns: 5443, Time: 00:11:09

Health: -9/71      AC:  1    Str: 15    XL:     10   Next: 32%
Magic:  10/10      EV: 14    Int: 16    God:    Gozag
Gold:   959        SH:  0    Dex: 23    Spells: 9/9 levels left

rFire   . .          .
                       - Unarmed
rCold   . . .        (no shield)
rNeg    . . .        (helmet currently unavailable)
rPois   .            q - amulet of regeneration
rElec   .            g - +6 ring of intelligence
rCorr   .            y - +6 ring of dexterity
SInv    .            (no ring)
Will    .....        (no ring)
Stlth   +++          (no ring)
HPRegen 1.11/turn    (no ring)
MPRegen 0.12/turn    (no ring)
                     (no ring)

%: no passive effects
@: beast-form
A: beast (slay +6), almost no armour, amphibious, 8 rings, camouflage 1,
gelatinous body 1, (nimble swimmer 1), tentacles
a: Begin Untransformation, Renounce Religion, Potion Petition, Call Merchant,
Bribe Branch


You were in a bailey.
You worshipped Gozag.
Gozag was pleased with you.
You were a hulking beast.
You visited 2 branches of the dungeon, and saw 8 of its levels.
You also visited: Bailey.

You collected 1010 gold pieces.
You paid 51 gold pieces to Gozag.

Inventory:

Missiles
 d - 8 poisoned darts
Jewellery
 g - a +6 ring of intelligence (left tentacle)
 q - an amulet of regeneration (around mantle)
 y - a +6 ring of dexterity (right tentacle)
Talismans
 b - a beast talisman
Wands
 z - a wand of polymorph (12)
 A - a wand of digging (3)
Scrolls
 f - 2 scrolls of amnesia
 h - a scroll of noise {unknown}
 i - 2 scrolls of immolation
 n - a scroll of teleportation
 s - 6 scrolls of enchant armour
 t - a scroll of vulnerability {unknown}
 v - a scroll of summoning {unknown}
 w - a scroll of fog {unknown}
 x - a scroll of brand weapon {unknown}
Potions
 a - a potion of lignification
 c - 3 potions of enlightenment
 k - 3 potions of cancellation
 l - 4 potions of haste {unknown}
 m - a potion of degeneration {unknown}
 p - 2 potions of berserk rage {unknown}
 r - 2 potions of heal wounds {unknown}
 u - 2 potions of resistance {unknown}
 B - 2 potions of mutation {unknown}


   Skills:
 + Level 7.4 Fighting
 - Level 2.0 Dodging
 + Level 8.0 Unarmed Combat
 * Level 9.3 Shapeshifting


You had 9 spell levels left.
You didn't know any spells.
Your spell library contained the following spells:

 Spells                   Type           Power      Damage    Failure   Level
 Necrotise                Necr           0%         1d4       26%         1
 Ensorcelled Hibernation  Hex/Ice        0%         N/A       36%         2
 Gell's Gravitas          Tloc           0%         N/A       58%         3
 Teleport Other           Tloc           0%         N/A       58%         3
 Vampiric Draining        Necr           0%         2d6       58%         3
 Anguish                  Hex/Necr       0%         N/A       94%         4
 Agony                    Necr           0%         N/A       100%        5
 Dispersal                Tloc           0%         N/A       100%        6


Dungeon Overview and Level Annotations

Branches:
Dungeon (7/15)             Temple (1/1) D:4          Bailey (1/1)

Altars:
Ashenzari
Dithmenos
Fedhas
Gozag
Hepliaklqana
Kikubaaqudgha
Makhleb
Nemelex Xobeh
Okawaru
Qazlal
Ru
Trog
Uskayaw
Vehumet
Wu Jian
Xom

Annotations:
Temple 2 transporters


Innate Abilities, Weirdness & Mutations

You are a hulking beast.
Your limbs bulge with bestial killing power. (Slay +6)
You cannot wear most types of armour.
You are amphibious.
You can wear up to eight rings at the same time.
Your skin changes colour to match your surroundings (Stealth+).
Your rubbery body absorbs attacks. (AC +1, EV +1)
((You are camouflaged when in or above water. (Stealth+)))
You have tentacles for arms and can constrict up to eight enemies at once.


Message History

The orc warrior misses you.
You tentacle-slap the orc warrior. Your grab misses the orc warrior.
Your squeeze misses the orc warrior.
The orc warrior is moderately wounded.
The orc warrior hits you with a +0 trident!
You closely miss the orc warrior. You grab the orc warrior.
You squeeze the orc warrior, but do no damage.
The orc warrior is moderately wounded.
You constrict the orc warrior, but do no damage.
The orc warrior hits you with a +0 trident!
You tentacle-slap the orc warrior.
The orc warrior is heavily wounded.
You constrict the orc warrior, but do no damage.
The orc warrior hits you with a +0 trident!
* * * LOW HITPOINT WARNING * * *
You feel better.
You constrict the orc warrior, but do no damage.
The orc warrior hits you with a +0 trident!
* * * LOW HITPOINT WARNING * * *
You tentacle-slap the orc warrior.
You squeeze the orc warrior, but do no damage.
The orc warrior is heavily wounded.
You constrict the orc warrior, but do no damage.
The orc warrior hits you with a +0 trident!
* * * LOW HITPOINT WARNING * * *
Unknown command.
Aiming: Fastroot
Press: ? - help, Shift-Dir - straight line, p - orc warrior The roots erupt in riotous growth!
The orc warrior is unaffected.
The now-empty wand crumbles to dust.
You constrict the orc warrior, but do no damage.
The orc warrior hits you with a +0 trident.
* * * LOW HITPOINT WARNING * * *
Unknown command.
You release your grip on the orc warrior.
The orc warrior attacks as you move away!
The orc warrior closely misses you.
The orc warrior hits you from afar with a +0 trident!
You die...
Your body crumbles into a pile of gold.

#..#8#..#
#.......#
##.))..##
###)###
#)))#
#.))#
#.o.#
#...#
###h###
##.....##
#.......#
#.......#
#.......#
#..#.#..#
#.##8##)#
#.)#.#).#
#..).)).#


You could see an orc warrior (poisoned).

Vanquished Creatures
  Pikel (D:7)
  2 orc knights (Bailey)
  Sigmund (D:4)
  4 black bears
  7 orc warriors (Bailey)
  An ogre (D:4)
  3 centaurs
  3 lemures (D:7)
  2 phantoms
  2 bullfrogs
  A scorpion (D:5)
  3 wights (D:7)
  A gnoll bouda (D:6)
  3 hounds
  4 orc priests
  A sleepcap (D:5)
  5 iguanas
  Natasha (thrice) (D:3)
  Terence (D:3)
  Ijyb (D:4)
  4 orc wizards
  8 adders
  3 gnolls (D:6)
  2 shadow imps
  2 white imps (D:6)
  2 ufetubi (D:7)
  A worm (D:3)
  5 dart slugs
  44 orcs
  3 ball pythons
  5 endoplasms
  11 goblins
  8 hobgoblins
  4 jackals (D:4)
  6 kobolds
  5 quokkas
  6 bats
  3 frilled lizards
  3 rats
174 creatures vanquished.

Notes
Turn   | Place    | Note
-------+----------+-------------------------------------------
     0 | D:1      | Bnni the Octopode Shapeshifter began the quest for the Orb.
     0 | D:1      | Reached XP level 1. HP: 13/13 MP: 1/1
    60 | D:1      | Reached XP level 2. HP: 16/18 MP: 2/2
   348 | D:1      | Reached XP level 3. HP: 21/23 MP: 3/3
  1090 | D:3      | Reached XP level 4. HP: 29/29 MP: 4/4
  1361 | D:3      | Noticed Terence
  1373 | D:3      | Killed Terence
  1426 | D:3      | Noticed Natasha
  1434 | D:3      | Killed Natasha
  1435 | D:3      | Reached skill level 4 in Shapeshifting
  1435 | D:3      | Reached XP level 5. HP: 20/35 MP: 5/5
  1537 | D:3      | Noticed Natasha
  1545 | D:3      | Killed Natasha
  1650 | D:3      | Found a hazy altar of Hepliaklqana.
  1702 | D:3      | Noticed Natasha
  1714 | D:3      | Killed Natasha
  1850 | D:4      | Noticed Sigmund
  1861 | D:4      | Killed Sigmund
  1862 | D:4      | Reached XP level 6. HP: 42/42 MP: 6/6
  1901 | D:4      | Reached skill level 5 in Shapeshifting
  2062 | D:4      | Noticed Ijyb
  2073 | D:4      | Killed Ijyb
  2074 | D:4      | Reached XP level 7. HP: 20/46 MP: 7/7
  2183 | D:4      | Found a staircase to the Ecumenical Temple.
  2191 | Temple   | Found a transporter.
  2191 | Temple   | Found a transporter.
  2191 | Temple   | Found a transporter.
  2191 | Temple   | Found a transporter.
  2191 | Temple   | Entered the Ecumenical Temple
  2204 | Temple   | Became a worshipper of Gozag Ym Sagoz the Greedy
  2965 | D:5      | Entered Level 5 of the Dungeon
  2998 | D:5      | Found an iron altar of Okawaru.
  3021 | D:5      | Reached skill level 5 in Unarmed Combat
  3052 | D:5      | Found a shadowy altar of Dithmenos.
  3428 | D:5      | Found an ornate altar of the Wu Jian Council.
  3582 | D:5      | Reached skill level 6 in Shapeshifting
  3582 | D:5      | Reached XP level 8. HP: 49/54 MP: 8/8
  4217 | D:6      | Reached skill level 5 in Fighting
  4351 | D:6      | Reached skill level 7 in Shapeshifting
  4645 | D:7      | Reached XP level 9. HP: 34/61 MP: 9/9
  4847 | D:7      | Noticed a +0 dagger
  4847 | D:7      | Noticed a +0 dagger
  4847 | D:7      | Noticed a +0 spear
  4848 | D:7      | Noticed a +0 falchion
  4849 | D:7      | Noticed a +0 falchion
  4849 | D:7      | Noticed a +0 short sword
  4849 | D:7      | Noticed a +0 spear
  4850 | D:7      | Found a hide-covered altar of Uskayaw.
  4850 | D:7      | Noticed a +0 short sword
  4970 | D:7      | Noticed Pikel
  4999 | D:7      | Killed Pikel
  5000 | D:7      | Reached skill level 8 in Shapeshifting
  5046 | D:7      | Found a flagged portal.
  5065 | Bailey   | Entered a bailey
  5210 | Bailey   | Reached XP level 10. HP: 21/69 MP: 10/10
  5285 | Bailey   | Noticed an orc knight
  5321 | Bailey   | Killed an orc knight
  5322 | Bailey   | Reached skill level 9 in Shapeshifting
  5341 | Bailey   | Noticed an orc knight
  5381 | Bailey   | Killed an orc knight
  5442 | Bailey   | HP: 1/71 [orc warrior/+0 trident (6)]
  5443 | Bailey   | Mangled by an orc warrior

Illustrated notes

Levels and vault maps discovered:
D:1:      minmay_arrival_jagged, layout_rooms, minmay_misc_feat_rows
D:2:      layout_rooms
D:3:      layout_rooms, marbit_many_paths, uniq_terence, uniq_natasha
D:4:      layout_loops_ring, minmay_temple_entry_enclosed_plants, uniq_sigmund,
          uniq_ijyb
D:5:      layout_basic, kennysheep_little_box, grunt_dithmenos_shadows,
          general_overflow_altar, nicolae_fountain_basement
D:6:      layout_rooms
D:7:      layout_rooms, nicolae_overflow_hidden_temple,
          nicolae_uskayaw_en_pointe, enter_bailey_6, uniq_pikel
Temple:   hellmonk_temple_divided_pantheon
Bailey:   bailey_polearm_5, bailey

Skill      XL: |  1  2  3  4  5  6  7  8  9 10 |
---------------+-------------------------------+-----
Fighting       | 2 3 4 5 6 7 |  7.4
Shapeshifting  | 4 5 6 7 8 9 |  9.3
Unarmed Combat | 4 5 6 7 8 |  8.0
Dodging        | |  2.0

Action                     |  1- 3 |  4- 6 |  7- 9 | 10-12 || total
---------------------------+-------+-------+-------+-------++-------
  Melee: Unarmed           |    65 |    53 |   232 |    42 ||   392
         Constrict         |    21 |    11 |    70 |     3 ||   105
         Tentacles         |    11 |    12 |    58 |     7 ||    88
         Punch             |       |     1 |     9 |     2 ||    12
  Throw: Dart              |       |    10 |     5 |    12 ||    27
  Evoke: Wand              |       |     2 |     1 |     5 ||     8
    Use: Scroll            |       |     1 |     7 |       ||     8
         Potion            |       |       |     2 |     2 ||     4
   Stab: Sleeping          |     7 |     2 |    10 |       ||    19
         Paralysed         |       |     4 |     4 |     6 ||    14
         Distracted        |       |       |     3 |       ||     3
 Armour: Skin              |     2 |     4 |    12 |    38 ||    56
  Dodge: Dodged            |    31 |    22 |   147 |    11 ||   211

Table legend: (Time is in decaauts)
 A = Elapsed time spent in this place.
 B = Non-inter-level travel time spent in this place.
 C = Inter-level travel time spent in this place.
 D = Time resting spent in this place.
 E = Time spent auto-exploring this place.
 F = Levels seen in this place.
 G = Mean time per level.
                   A        B        C        D        E       F      G
               +--------+--------+--------+--------+--------+-----+--------+
         Total |   5403 |   5234 |    169 |    425 |   3427 |   9 |  600.3 |
       Dungeon |   5011 |   4849 |    162 |    393 |   3427 |   7 |  715.9 |
        Temple |     26 |     19 |      7 |      0 |      0 |   1 |   26.0 |
        Bailey |    365 |    365 |      0 |     32 |      0 |   1 |  365.0 |
               +--------+--------+--------+--------+--------+-----+--------+

Top non-repeatable levels by time:
     D:5: 1142 daAuts
     D:4: 1093 daAuts
     D:3: 785 daAuts
     D:6: 655 daAuts
     D:1: 546 daAuts
     D:2: 500 daAuts
  Bailey: 365 daAuts
     D:7: 288 daAuts
  Temple: 26 daAuts
